Map: Acropolis LE

Players

HeroMarine - Winner!

  • Race: Terran Terran
  • League: Master
  • Spawn Location: 5:00

Reynor

  • Race: Zerg Zerg
  • League: Master
  • Spawn Location: 11:00

Event: HomeStory Cup XIX

VOD

Have the link to the VOD?

Description

Time

  • Played on: June 29, 2019, 11:24 a.m.
  • Length: 25:28

All games in this series

Show
View Real Time Build Order
Export as new Build Order

HeroMarine Terran - Winner!

Build Orders: Hellion Opening, Reaper Expand 

Get SALT Encoding   

  12  0:00  SCV  
  13  0:12  SCV  
  14  0:17  Supply Depot  
  14  0:25  SCV  
  15  0:38  SCV  
  15  0:42  Barracks  
  16  0:43  Refinery  
  16  0:50  SCV  
  17  1:03  SCV  
  18  1:15  SCV  
  19  1:29  Orbital Command, Reaper  
  20  1:39  Command Center  
  20  1:48  Supply Depot  
  20  1:55  SCV  
  21  2:01  Marine  
  21  2:07  SCV  
  23  2:10  Factory  
  23  2:17  Refinery  
  23  2:19  SCV  
  23  2:21  Barracks Reactor  
  24  2:31  SCV  
  25  2:43  SCV  
  26  2:51  Orbital Command  
  26  2:55  Starport, SCV  
  27  3:04  Hellion x2  
  31  3:09  Barracks Tech Lab  
  31  3:11  SCV  
  32  3:17  SCV  
  33  3:23  SCV, Supply Depot  
  33  3:26  Hellion x2  
  38  3:30  SCV  
  39  3:36  SCV  
  39  3:37  Viking  
  42  3:42  SCV  
  42  3:46  Supply Depot  
  42  3:47  Hellion x2  
  42  3:48  SCV  
  48  3:54  SCV  
  49  4:03  Command Center  
  49  4:04  SCV  
  49  4:06  SCV  
  49  4:08  Raven  
  53  4:12  Hellion  
  53  4:13  Hellion  
  53  4:16  Supply Depot  
  57  4:19  SCV x2  
  59  4:24  Refinery  
  59  4:26  Refinery  
  59  4:31  SCV x2  
  61  4:43  SCV x2  
  63  4:49  Factory  
  65  4:53  Factory, Hellion x2  
  65  4:55  SCV x2  
  68  5:07  SCV x2  
  68  5:10  Supply Depot  
  68  5:13  Armory  
  70  5:14  Armory  
  70  5:16  Orbital Command  
  70  5:19  Barracks Tech Lab, SCV x2  
  72  5:24  Hellion x2  
  76  5:31  SCV  
  76  5:32  SCV  
  78  5:43  SCV  
  78  5:44  SCV  
  78  5:48  Cyclone x2  
  78  5:49  Orbital Command  
  82  5:52  Hellion x2  
  82  5:55  Mag-Field Accelerator, Infernal Pre-Igniter  
  82  5:56  SCV  
  84  6:02  Terran Vehicle Weapons Level 1  
  84  6:03  Terran Vehicle And Ship Armor Level 1  
  83  6:07  Engineering Bay, Supply Depot  
  83  6:08  Refinery, SCV x2  
  83  6:10  Refinery  
  85  6:17  Hellion x2  
  89  6:20  SCV x2, Supply Depot  
  89  6:21  Supply Depot  
  89  6:22  SCV  
  92  6:30  Starport Reactor  
  92  6:32  SCV, Factory  
  93  6:33  SCV, Factory  
  93  6:34  Barracks Tech Lab, SCV  
  95  6:41  Cyclone  
  95  6:44  SCV  
  95  6:45  SCV, Cyclone  
  103  6:48  SCV  
  92  6:55  Hellion x2  
  92  6:56  SCV  
  92  6:58  SCV  
  92  7:00  SCV  
  95  7:05  Command Center  
  95  7:06  Supply Depot  
  95  7:10  SCV  
  95  7:11  SCV  
  95  7:12  SCV, Supply Depot  
  98  7:16  Cyclone  
  98  7:17  Cyclone  
  98  7:22  Missile Turret  
  104  7:23  SCV, Missile Turret  
  104  7:28  Hellion x2  
  104  7:29  Hellion, Supply Depot  
  111  7:30  Supply Depot  
  113  7:39  Hellion x2  
  113  7:41  Factory, Cyclone  
  113  7:42  Factory x2  
  114  7:48  Cyclone  
  114  7:49  Cyclone  
  114  7:50  Hellion  
  122  7:52  Hellion  
  122  7:53  Hellion  
  122  7:56  Terran Vehicle Weapons Level 2  
  126  7:58  Terran Vehicle And Ship Armor Level 2  
  126  8:03  Hellion  
  128  8:08  SCV x2  
  128  8:09  SCV  
  131  8:13  Cyclone  
  131  8:19  Hellion x2  
  134  8:20  SCV, Cyclone  
  134  8:21  SCV x2, Cyclone  
  134  8:26  Factory Reactor, Factory Tech Lab  
  143  8:28  Factory Tech Lab  
  143  8:30  Refinery  
  143  8:31  Missile Turret  
  143  8:33  SCV x3  
  146  8:35  Refinery  
  146  8:37  Hellion x2  
  146  8:40  Sensor Tower  
  152  8:41  Hellion  
  152  8:42  Sensor Tower  
  152  8:43  Hellion  
  152  8:45  SCV  
  152  8:46  Planetary Fortress  
  155  8:52  Supply Depot  
  155  8:54  Cyclone x2  
  161  8:59  Supply Depot x2  
  161  9:04  Supply Depot x2  
  161  9:10  Cyclone  
  161  9:14  Cyclone  
  167  9:20  Cyclone  
  168  9:26  Cyclone  
  168  9:27  Cyclone  
  174  9:35  Hellion x2  
  174  9:36  Hellion x2  
  182  9:42  Command Center, Cyclone  
  185  9:46  Cyclone  
  185  9:48  Hellion  
  185  9:51  Hellion  
  192  9:53  Cyclone  
  192  9:58  Cyclone, Hellion x2  
  199  10:15  Terran Vehicle Weapons Level 3  
  199  10:16  Terran Vehicle And Ship Armor Level 3  
  193  10:24  Cyclone x2  
  193  10:28  Cyclone  
  190  10:32  Cyclone  
  190  10:33  Hellion  
  190  10:34  Command Center, Cyclone  
  198  10:43  Smart Servos  
  198  10:49  Hellion  
  179  10:50  Hellion x2  
  179  10:56  Siege Tank x2  
  179  10:58  Hellion  
  179  10:59  SCV x2  
  179  11:00  Siege Tank, SCV x2  
  161  11:04  Cyclone  
  161  11:06  Cyclone  
  161  11:11  SCV x2  
  161  11:13  SCV x2  
  165  11:23  SCV  
  165  11:24  SCV  
  169  11:25  Hellion  
  169  11:26  Hellion x2  
  169  11:27  Hellion  
  169  11:28  Cyclone x2  
  169  11:32  Hellion, Cyclone  
  186  11:36  SCV x3  
  186  11:37  Cyclone  
  186  11:49  Planetary Fortress  
  186  11:57  Cyclone  
  186  12:00  Cyclone x2  
  187  12:01  Hellion x2, Planetary Fortress  
  187  12:08  Command Center  
  187  12:14  Cyclone  
  190  12:15  Cyclone  
  193  12:29  Cyclone  
  185  12:31  SCV  
  185  12:32  SCV, Cyclone x2  
  185  12:33  SCV  
  190  12:44  SCV  
  191  12:46  Cyclone  
  191  12:48  Siege Tank  
  191  12:50  Hellion  
  191  12:51  Hellion  
  195  12:56  Hellion x2  
  195  12:57  Hellion x2  
  184  13:01  Cyclone  
  184  13:04  Cyclone x2  
  172  13:12  Hellion x2  
  176  13:17  Hellion x2  
  176  13:18  Cyclone  
  176  13:19  Hellion x2  
  187  13:20  Cyclone  
  190  13:33  Hellion x2  
  194  13:39  Hellion  
  196  14:00  Liberator  
  196  14:03  Hellion  
  196  14:04  Hellion, Cyclone  
  196  14:05  Hellion x4, Cyclone x4  
  174  14:25  Hellion  
  174  14:26  Hellion x3  
  174  14:27  Hellion x2  
  182  14:36  Cyclone  
  182  14:37  Cyclone x3  
  182  14:38  Cyclone  
  140  14:46  Hellion  
  140  14:47  Hellion  
  140  14:48  Hellion x3  
  140  14:50  Orbital Command  
  152  14:53  Hellion  
  140  15:07  Hellion  
  140  15:08  Cyclone  
  140  15:09  Cyclone x3, Hellion x3  
  140  15:10  Cyclone  
  140  15:13  Hellion  
  159  15:35  Hellion  
  159  15:36  Orbital Command, Hellion x2  
  159  15:40  Cyclone, Hellion x3  
  159  15:41  Cyclone x3  
  159  15:42  Cyclone  
  178  15:46  Supply Depot x2  
  178  15:47  Supply Depot  
  178  15:50  Liberator  
  178  15:52  Supply Depot  
  178  15:54  Supply Depot x2  
  176  16:04  Supply Depot  
  176  16:08  Hellion x2  
  180  16:12  Cyclone  
  180  16:13  Refinery x2, Hellion x2  
  180  16:14  Cyclone x3  
  180  16:15  Hellion  
  180  16:16  Hellion  
  200  16:29  Cyclone  
  195  16:39  Sensor Tower  
  195  16:44  Cyclone  
  198  17:00  Command Center x2  
  198  17:01  Command Center  
  198  17:13  Cyclone x2  
  198  17:15  Cyclone x2  
  194  17:17  Cyclone  
  194  17:22  Hellion x2  
  184  17:44  Hellion x2  
  184  17:45  Cyclone x2  
  184  17:47  Cyclone x2  
  184  17:50  Cyclone  
  195  18:03  Hellion x2  
  195  18:04  Hellion  
  195  18:05  Hellion  
  195  18:14  Orbital Command  
  195  18:17  Cyclone x2  
  195  18:19  Cyclone  
  200  18:22  Cyclone  
  200  18:25  Cyclone  
  200  18:27  Hellion x4  
  185  18:31  Hellion  
  157  18:45  Orbital Command  
  157  18:49  Cyclone x2  
  157  18:51  Cyclone  
  157  18:55  Siege Tank  
  169  18:57  Cyclone  
  161  19:05  Orbital Command  
  148  19:11  Hellion  
  150  19:21  Cyclone x2  
  150  19:23  Cyclone  
  150  19:24  Hellion  
  161  19:25  Hellion  
  161  19:27  Cyclone  
  161  19:30  Cyclone  
  159  19:44  Hellion  
  157  19:47  Planetary Fortress  
  157  19:49  Hellion  
  159  19:53  Cyclone  
  159  19:54  Hellion x2  
  159  19:58  Hellion  
  168  20:01  Hellion x2  
  168  20:05  Hellion  
  168  20:06  Hellion  
  176  20:12  Hellion x2  
  180  20:14  Refinery  
  180  20:15  Refinery  
  176  20:24  Cyclone  
  176  20:25  Hellion  
  176  20:26  Hellion  
  179  20:31  Hellion  
  179  20:34  Cyclone  
  171  20:41  Cyclone  
  156  20:50  Hellion x2  
  156  20:51  SCV x2  
  158  20:58  Hellion x3  
  158  21:01  Hellion x2  
  168  21:04  Supply Depot  
  168  21:05  SCV x3  
  168  21:06  Supply Depot  
  168  21:08  Cyclone  
  174  21:13  Cyclone  
  168  21:24  Cyclone x2  
  171  21:31  Cyclone  
  174  21:40  Cyclone  
  177  21:50  Cyclone  
  177  21:51  Orbital Command  
  178  21:56  Cyclone, Hellion  
  178  21:59  Cyclone  
  164  22:03  Cyclone, Hellion  
  153  22:09  Hellion  
  153  22:12  Cyclone  
  154  22:20  SCV x2  
  159  22:22  Cyclone  
  159  22:24  SCV x2  
  161  22:35  Cyclone  
  162  22:42  Siege Tank x2  
  168  22:44  SCV, Cyclone  
  171  22:55  Hellion x2, Cyclone  
  171  22:57  SCV, Hellion x4  
  177  23:01  Orbital Command  
  177  23:07  Cyclone  
  177  23:12  Hellion x3  
  180  23:13  Hellion  
  182  23:31  Supply Depot  
  182  23:45  Hellion  
  182  23:48  Cyclone  
  179  23:50  Cyclone  
  179  23:53  Cyclone  
  179  23:54  Cyclone  
  171  23:58  Hellion  
  171  23:59  Hellion  
  165  24:07  Siege Tank  
  165  24:09  Hellion  
  170  24:18  Hellion x2  
  170  24:20  Siege Tank  
  170  24:23  Cyclone  
  177  24:24  Sensor Tower  
  171  24:45  Supply Depot  
Show
View Real Time Build Order
Export as new Build Order

Reynor Zerg 

Build Orders: Hatch First, Swarm Host 

Get SALT Encoding   

  12  0:00  Drone  
  13  0:12  Overlord  
  13  0:16  Drone  
  14  0:30  Drone x2  
  16  0:47  Hatchery  
  15  0:51  Drone  
  15  0:55  Drone  
  17  0:58  Drone  
  18  1:09  Extractor  
  17  1:14  Spawning Pool  
  17  1:17  Drone  
  17  1:20  Drone  
  18  1:28  Drone  
  19  1:39  Drone  
  20  1:49  Overlord  
  20  2:01  Zergling x4, Queen x2  
  26  2:10  Drone x2  
  28  2:24  Hatchery  
  28  2:26  Drone  
  28  2:29  Drone  
  29  2:35  Metabolic Boost  
  29  2:41  Queen  
  31  2:46  Drone  
  31  2:47  Drone  
  33  2:52  Overlord  
  33  2:54  Drone  
  33  2:57  Drone  
  35  2:59  Drone  
  36  3:13  Overlord  
  36  3:14  Drone x5  
  41  3:20  Queen  
  41  3:23  Drone  
  44  3:31  Zergling x2  
  44  3:33  Drone  
  46  3:36  Queen  
  46  3:38  Zergling x4  
  50  3:43  Overlord  
  51  3:48  Drone x5  
  51  3:52  Drone x2  
  51  3:55  Drone  
  58  4:01  Overlord  
  57  4:07  Baneling Nest  
  57  4:08  Zergling x2  
  57  4:11  Zergling x2  
  57  4:13  Drone x3  
  61  4:18  Overlord  
  61  4:19  Queen  
  61  4:20  Queen  
  61  4:23  Overlord  
  65  4:36  Overlord  
  65  4:39  Drone x6  
  65  4:40  Drone x2  
  65  4:44  Zergling x2  
  74  4:45  Queen  
  74  4:47  Zergling x6  
  74  4:49  Overlord  
  74  4:51  Drone  
  80  4:57  Baneling x3  
  80  4:58  Lair  
  80  4:59  Drone, Spore Crawler  
  80  5:02  Drone, Spore Crawler  
  80  5:04  Spore Crawler  
  80  5:06  Overlord  
  79  5:10  Zergling x8  
  79  5:11  Drone  
  84  5:14  Drone x2  
  84  5:15  Drone  
  84  5:18  Overlord  
  84  5:19  Drone  
  84  5:20  Drone  
  89  5:25  Overlord  
  89  5:26  Zergling x4  
  91  5:29  Drone x3  
  91  5:31  Drone x2, Extractor  
  91  5:32  Overlord  
  91  5:33  Extractor  
  91  5:34  Zergling x2  
  95  5:40  Extractor  
  95  5:41  Extractor  
  93  5:47  Zergling x14  
  89  5:53  Zergling x2  
  89  5:55  Drone x3  
  88  5:58  Drone  
  88  5:59  Drone  
  88  6:00  Drone x2  
  88  6:01  Drone, Evolution Chamber  
  88  6:02  Evolution Chamber  
  88  6:03  Roach Warren  
  90  6:06  Drone  
  91  6:13  Hatchery  
  91  6:16  Overlord  
  91  6:17  Drone x4  
  94  6:19  Extractor  
  94  6:23  Zergling x4  
  95  6:26  Zergling x2  
  95  6:27  Zergling x8  
  100  6:34  Zerg Ground Armor Level 1, Zerg Melee Weapons Level 1  
  100  6:39  Zergling x6  
  103  6:44  Zergling x2  
  96  6:47  Zergling x6  
  96  6:51  Zergling x6  
  96  6:53  Overlord  
  96  6:56  Glial Reconstitution  
  96  6:59  Infestation Pit  
  95  7:02  Drone x4  
  99  7:10  Overlord  
  99  7:11  Roach x4  
  107  7:20  Roach x3  
  113  7:28  Drone x4  
  117  7:32  Zergling x8  
  117  7:36  Spore Crawler  
  117  7:37  Zergling x6  
  122  7:43  Drone  
  123  7:44  Overlord  
  123  7:46  Nydus Network  
  123  7:47  Swarm Host x5  
  123  7:49  Swarm Host x2  
  123  7:50  Swarm Host  
  146  7:54  Ravager x3  
  146  7:55  Swarm Host  
  146  7:56  Overseer  
  146  7:57  Pneumatized Carapace  
  152  7:59  Extractor, Swarm Host  
  152  8:01  Overlord x2  
  152  8:02  Swarm Host  
  157  8:07  Swarm Host  
  157  8:12  Swarm Host  
  160  8:14  Zergling x10  
  160  8:16  Overlord  
  160  8:18  Spine Crawler  
  160  8:19  Spine Crawler  
  166  8:26  Baneling  
  166  8:27  Baneling x8  
  166  8:31  Drone x6  
  166  8:32  Drone x2  
  174  8:43  Nydus Canal  
  174  8:46  Centrifical Hooks  
  174  8:48  Roach x3  
  179  8:49  Zergling x10  
  179  8:50  Hatchery  
  179  8:52  Baneling x7  
  179  8:53  Overseer  
  183  9:00  Nydus Canal  
  183  9:04  Zerg Melee Weapons Level 2  
  183  9:06  Drone  
  184  9:12  Zerg Missile Weapons Level 1  
  183  9:23  Nydus Canal  
  181  9:24  Overlord x4  
  181  9:27  Overlord  
  177  9:33  Overlord  
  177  9:42  Baneling x4  
  177  9:43  Baneling x11  
  177  9:46  Zergling x38  
  177  9:47  Zergling x2  
  177  9:52  Zergling x4  
  199  9:53  Hive  
  199  10:00  Baneling  
  199  10:01  Baneling x8  
  196  10:14  Nydus Canal  
  196  10:17  Zergling x14  
  193  10:23  Zergling x18  
  188  10:29  Nydus Canal, Roach  
  188  10:30  Zergling x12, Roach x2  
  188  10:33  Zergling x4  
  200  10:40  Zergling x8  
  199  10:45  Zergling x2  
  199  10:48  Zergling x4  
  199  10:49  Overseer  
  195  10:51  Queen  
  195  10:53  Zergling x6  
  199  10:57  Zergling x2, Roach x2  
  199  10:58  Zergling x4  
  186  11:06  Nydus Canal  
  186  11:07  Zergling x2, Roach x3  
  186  11:09  Zergling x2  
  183  11:13  Zerg Missile Weapons Level 2  
  183  11:15  Zergling x4  
  183  11:16  Baneling x10  
  181  11:21  Drone x5  
  181  11:22  Drone  
  181  11:24  Baneling x6  
  181  11:25  Baneling x3  
  187  11:27  Zergling x14  
  187  11:32  Hatchery, Roach x3  
  195  11:35  Ravager x4  
  195  11:36  Zergling x2  
  195  11:39  Zergling x4  
  199  11:45  Zergling x2  
  194  12:01  Nydus Canal  
  194  12:04  Zergling x2  
  194  12:05  Zergling x10  
  200  12:11  Baneling x11  
  200  12:20  Overseer  
  200  12:21  Overseer  
  200  12:26  Zergling x2  
  200  12:27  Zergling x14  
  199  12:32  Baneling x6  
  199  12:33  Baneling  
  199  12:34  Zergling x20  
  198  12:38  Spire  
  198  12:43  Zergling x4, Extractor x2  
  197  12:46  Extractor  
  197  12:50  Baneling  
  197  12:51  Baneling x20  
  194  12:54  Zergling x10  
  195  13:00  Zergling x4, Roach x5  
  195  13:04  Zergling x20  
  198  13:10  Zergling x2  
  199  13:15  Nydus Canal  
  196  13:31  Baneling x12, Viper x3  
  200  13:35  Nydus Canal  
  200  13:39  Zerg Ground Armor Level 2  
  200  13:40  Zerg Missile Weapons Level 3  
  200  13:49  Nydus Canal  
  200  13:57  Spine Crawler  
  200  13:58  Zergling x2, Extractor  
  200  13:59  Extractor  
  196  14:07  Roach  
  196  14:08  Zergling x22, Roach x8  
  196  14:09  Zergling x2  
  199  14:15  Zergling x16  
  197  14:19  Roach  
  193  14:26  Zergling x2, Roach x7  
  193  14:27  Zergling x2  
  190  14:32  Zergling x4  
  190  14:35  Overlord x3  
  175  14:39  Overlord x3  
  175  14:45  Overlord  
  174  14:48  Baneling x4  
  174  14:55  Zergling x20  
  181  15:02  Drone x4  
  181  15:05  Drone  
  181  15:07  Drone, Queen  
  179  15:08  Drone x2  
  179  15:09  Queen  
  185  15:14  Viper x3  
  190  15:23  Zergling x18  
  192  15:43  Baneling x16  
  192  15:46  Greater Spire  
  192  15:47  Ravager x6  
  195  15:58  Drone x2  
  195  15:59  Drone x3  
  198  16:04  Nydus Canal  
  198  16:08  Drone x2  
  200  16:14  Spine Crawler  
  200  16:15  Spine Crawler  
  194  16:19  Drone x6  
  194  16:22  Drone x4  
  194  16:23  Drone x4  
  200  16:28  Drone x2  
  195  16:33  Drone x5  
  197  16:52  Zergling x10  
  200  16:55  Baneling x6  
  200  16:56  Baneling  
  200  17:02  Nydus Canal  
  200  17:14  Baneling x6  
  200  17:19  Baneling x3  
  200  17:20  Baneling x3  
  198  17:30  Zerg Ground Armor Level 3, Zerg Melee Weapons Level 3  
  198  17:31  Nydus Canal  
  198  17:33  Zergling x18  
  198  17:37  Zergling x12  
  195  17:43  Zergling x12  
  193  17:49  Zergling x12  
  198  17:53  Baneling x17  
  198  17:54  Baneling  
  198  17:57  Zergling x8  
  175  18:06  Zergling x8, Roach x3  
  175  18:10  Baneling  
  175  18:11  Baneling x18  
  177  18:22  Zergling x20  
  177  18:26  Zergling x4  
  152  18:34  Roach x2  
  152  18:35  Roach x2, Ravager x2  
  152  18:39  Roach x3  
  163  18:53  Drone x6  
  166  19:00  Drone x3  
  166  19:02  Ravager x2  
  170  19:09  Ravager x5  
  169  19:20  Adrenal Glands  
  169  19:21  Zergling x18  
  177  19:27  Nydus Canal  
  162  19:52  Roach x2  
  170  19:53  Roach x2  
  170  19:57  Baneling x16  
  170  20:00  Hatchery  
  169  20:07  Zergling x14  
  169  20:08  Zergling x2  
  177  20:19  Nydus Canal  
  175  20:24  Zergling x18  
  183  20:30  Baneling x5  
  161  20:47  Zergling x20  
  166  21:04  Baneling  
  166  21:05  Baneling x6  
  162  21:13  Zergling x2  
  162  21:14  Zergling x22  
  163  21:27  Roach x6  
  163  21:31  Roach x2  
  179  21:37  Baneling x6  
  177  21:40  Baneling  
  177  21:41  Baneling x7  
  177  21:45  Zergling x2  
  177  21:46  Zergling x6  
  148  22:08  Zergling x2  
  148  22:09  Zergling x28  
  154  22:22  Infestor, Hatchery  
  152  22:33  Infestor  
  152  22:43  Nydus Canal  
  130  23:18  Roach x4  
  134  23:20  Nydus Canal  
  131  23:34  Hatchery  
  130  23:46  Zergling x2  
  130  23:47  Zergling x6  
  124  24:08  Nydus Canal  
  124  24:12  Baneling x8  
  124  24:20  Drone x2  
  126  24:39  Zergling x2  
  126  24:40  Zergling x2  
  127  25:08  Zergling x10  
Tags
 
Add a new tag
Caveats
  • Supply blocks, unpowered buildings, or Contaminate may cause inaccurate times.
  • Supply counts are checked every 10 seconds.